Kradschützen Motorcycle Team
Construct Light Support Kompanie
Construct Light Support Kompanie
Construct Mechanized Kompanie
Selects Italian Combined Arms Battlegroup
Selects Semovente da 75/18 Assault Gun
Semovente da 75/18 Assault Gun
Selects Carro Armato M13/40 Light Tank
Carro Armato M13/40 Light Tank
Carro Armato M13/40 Light Tank
Selects Bersaglieri Squad
Selects Vehicle Support - Secure Location
Carro Armato M13/40 Light Tank
Carro Armato M13/40 Light Tank
Carro Armato M13/40 Light Tank
Carro Armato M13/40 Light Tank
Carro Armato M13/40 Light Tank
Carro Armato M13/40 Light Tank